1830 views
Uploaded 2023-01-31 00:57:00
Game version 1.35 (6115)
96:19 long 3on3 ladder game on (8)Battleground_LV
Saved by GIGA
1830 views
Uploaded 2023-01-31 00:57:00
Game version 1.35 (6115)
96:19 long 3on3 ladder game on (8)Battleground_LV


126 units @ 12.4k
/ 2.2k
242 buildings @ 16k
/ 8.9k




| Boots of Speed | 1 | 250 |
| total: | 1 | 250g |
| Peasant | 14 | 1050 | / | 0 |
| Dragonhawk Rider | 2 | 400 | / | 60 |
| total: | 16 | 1450g | / | 60w |
| Scout Tower | 104 | 3120 | / | 2080 |
| Arcane Tower | 15 | 1050 | / | 750 |
| Guard Tower | 22 | 1540 | / | 1100 |
| Altar of Kings | 1 | 180 | / | 50 |
| Farm | 7 | 560 | / | 140 |
| Lumber Mill | 2 | 240 | / | 0 |
| Arcane Vault | 1 | 130 | / | 30 |
| Gryphon Aviary | 1 | 140 | / | 150 |
| Keep | 1 | 320 | / | 210 |
| Castle | 1 | 360 | / | 210 |
| total: | 116 | 4370g | / | 2450w |
| 0:03 | Peasant |
| 0:03 | Peasant |
| 0:07 | Altar of Kings |
| 0:11 | Farm |
| 0:13 | Farm |
| 0:20 | Peasant |
| 0:41 | Peasant |
| 0:52 | Lumber Mill |
| 0:55 | Peasant |
| 1:06 | Peasant |
| 1:13 | Scout Tower |
| 1:16 | Peasant |
| 1:20 | Farm |
| 1:23 | Peasant |
| 1:36 | Peasant |
| 1:40 | Arcane Tower |
| 1:44 | Peasant |
| 2:09 | Peasant |
| 2:10 | Peasant |
| 2:10 | Peasant |
| 2:16 | Improved Lumber Harvesting |
| 2:23 | Storm Bolt |
| 2:56 | Scout Tower |
| 2:57 | Scout Tower |
| 3:00 | Scout Tower |
| 3:03 | Scout Tower |
| 3:05 | Scout Tower |
| 3:15 | Peasant |
| 3:36 | Guard Tower |
| 3:39 | Scout Tower |
| 3:41 | Scout Tower |
| 3:51 | Scout Tower |
| 3:52 | Scout Tower |
| 3:54 | Scout Tower |
| 3:58 | Keep |
| 4:05 | Scout Tower |
| 4:07 | Scout Tower |
| 4:09 | Scout Tower |
| 4:15 | Improved Masonry |
| 4:21 | Arcane Tower |
| 4:23 | Guard Tower |
| 4:25 | Guard Tower |
| 4:38 | Guard Tower |
| 4:43 | Scout Tower |
| 4:43 | Scout Tower |
| 4:44 | Scout Tower |
| 4:46 | Scout Tower |
| 4:47 | Scout Tower |
| 5:19 | Guard Tower |
| 5:21 | Guard Tower |
| 5:22 | Guard Tower |
| 5:26 | Bash |
| 5:36 | Guard Tower |
| 6:10 | Scout Tower |
| 6:11 | Scout Tower |
| 6:12 | Scout Tower |
| 6:13 | Guard Tower |
| 6:45 | Guard Tower |
| 6:48 | Scout Tower |
| 6:50 | Scout Tower |
| 6:51 | Scout Tower |
| 6:53 | Scout Tower |
| 6:54 | Scout Tower |
| 7:12 | Scout Tower |
| 7:13 | Castle |
| 7:15 | Advanced Masonry |
| 7:22 | Arcane Tower |
| 7:24 | Guard Tower |
| 7:26 | Scout Tower |
| 7:29 | Scout Tower |
| 7:31 | Scout Tower |
| 7:31 | Scout Tower |
| 7:32 | Scout Tower |
| 7:34 | Scout Tower |
| 7:35 | Scout Tower |
| 7:44 | Guard Tower |
| 8:09 | Critical Strike |
| 8:28 | Gryphon Aviary |
| 8:35 | Lumber Mill |
| 8:59 | Guard Tower |
| 9:41 | Imbued Masonry |
| 9:46 | Arcane Vault |
| 10:30 | Cloud |
| 10:31 | Dragonhawk Rider |
| 10:31 | Dragonhawk Rider |
| 10:35 | Farm |
| 11:18 | Arcane Tower |
| 11:19 | Guard Tower |
| 11:21 | Scout Tower |
| 11:22 | Scout Tower |
| 11:24 | Scout Tower |
| 11:24 | Scout Tower |
| 11:25 | Scout Tower |
| 11:27 | Scout Tower |
| 11:27 | Scout Tower |
| 11:28 | Scout Tower |
| 11:29 | Scout Tower |
| 11:30 | Scout Tower |
| 11:31 | Scout Tower |
| 11:32 | Scout Tower |
| 11:43 | Farm |
| 11:54 | Arcane Tower |
| 12:26 | Arcane Tower |
| 12:45 | Arcane Tower |
| 13:26 | Scout Tower |
| 13:27 | Scout Tower |
| 13:28 | Scout Tower |
| 13:28 | Scout Tower |
| 13:29 | Scout Tower |
| 13:30 | Scout Tower |
| 13:36 | Arcane Tower |
| 17:47 | Guard Tower |
| 17:49 | Guard Tower |
| 19:07 | Arcane Tower |
| 19:45 | Scout Tower |
| 19:46 | Scout Tower |
| 19:47 | Scout Tower |
| 19:49 | Scout Tower |
| 19:50 | Scout Tower |
| 19:56 | Scout Tower |
| 19:57 | Scout Tower |
| 20:01 | Scout Tower |
| 20:02 | Scout Tower |
| 20:02 | Scout Tower |
| 20:03 | Scout Tower |
| 21:25 | Guard Tower |
| 21:33 | Guard Tower |
| 24:35 | Scout Tower |
| 24:36 | Scout Tower |
| 24:37 | Scout Tower |
| 24:37 | Scout Tower |
| 24:38 | Scout Tower |
| 24:39 | Scout Tower |
| 24:45 | Scout Tower |
| 24:46 | Scout Tower |
| 24:46 | Scout Tower |
| 24:47 | Scout Tower |
| 24:47 | Scout Tower |
| 24:48 | Scout Tower |
| 24:49 | Scout Tower |
| 24:49 | Scout Tower |
| 25:45 | Scout Tower |
| 25:46 | Scout Tower |
| 25:47 | Scout Tower |
| 25:48 | Scout Tower |
| 25:48 | Scout Tower |
| 25:49 | Scout Tower |
| 25:50 | Scout Tower |
| 25:50 | Scout Tower |
| 25:53 | Scout Tower |
| 25:54 | Scout Tower |
| 25:54 | Scout Tower |
| 25:55 | Scout Tower |
| 25:56 | Scout Tower |
| 26:01 | Guard Tower |
| 26:16 | Guard Tower |
| 26:55 | Arcane Tower |
| 27:13 | Arcane Tower |
| 29:23 | Arcane Tower |
| 31:59 | Scout Tower |
| 31:59 | Scout Tower |
| 32:01 | Scout Tower |
| 32:04 | Scout Tower |
| 32:05 | Scout Tower |
| 33:25 | Guard Tower |
| 33:29 | Scout Tower |
| 33:30 | Scout Tower |
| 33:31 | Scout Tower |
| 33:34 | Scout Tower |
| 33:34 | Scout Tower |
| 34:20 | Arcane Tower |
| 34:28 | Arcane Tower |
| 34:30 | Arcane Tower |
| 35:11 | Scout Tower |
| 35:11 | Scout Tower |
| 35:26 | Scout Tower |
| 36:09 | Guard Tower |
| 46:47 | Brilliance Aura |
| 53:21 | Resurrection |
| 55:06 | Bash |
| 55:22 | Blizzard |
| 57:42 | Devotion Aura |
| 58:44 | Farm |
| 58:47 | Farm |
| 61:03 | Divine Shield |
| 61:10 | Brilliance Aura |
| 61:33 | Thunder Clap |
| 64:38 | Breath of Fire |
| 71:39 | Devotion Aura |
| 75:17 | Boots of Speed |
| 78:29 | Thunder Clap |
| 85:59 | Blizzard |
| Right click | 6148 |
| Select group | 1978 |
| Select | 1044 |
| Chat | 235 |
| Use ability | 163 |
| Build/train/purchase | 115 |
| Assign group | 45 |
| Minimap ping | 41 |
| Misc. action | 33 |
| Resource trade | 27 |
| Esc | 3 |



| Orb of Fire | 2 | 650 |
| Staff of Sanctuary | 1 | 250 |
| Boots of Speed | 2 | 500 |
| Orb of Lightning | 1 | 375 |
| total: | 6 | 1775g |
| Peasant | 22 | 1650 | / | 0 |
| Mortar Team | 8 | 1440 | / | 560 |
| Flying Machine | 42 | 4200 | / | 1260 |
| total: | 72 | 7290g | / | 1820w |
| Scout Tower | 36 | 1080 | / | 720 |
| Arcane Tower | 8 | 560 | / | 400 |
| Guard Tower | 9 | 630 | / | 450 |
| Altar of Kings | 2 | 360 | / | 100 |
| Lumber Mill | 2 | 240 | / | 0 |
| Farm | 23 | 1840 | / | 460 |
| Town Hall | 1 | 385 | / | 205 |
| Blacksmith | 1 | 140 | / | 60 |
| Arcane Vault | 1 | 130 | / | 30 |
| Workshop | 3 | 420 | / | 420 |
| Keep | 1 | 320 | / | 210 |
| Castle | 1 | 360 | / | 210 |
| total: | 69 | 4595g | / | 1995w |
| 0:02 | Peasant |
| 0:06 | Peasant |
| 0:19 | Altar of Kings |
| 0:20 | Peasant |
| 0:34 | Lumber Mill |
| 0:36 | Peasant |
| 0:48 | Farm |
| 0:49 | Peasant |
| 0:54 | Peasant |
| 1:03 | Peasant |
| 1:28 | Farm |
| 1:33 | Peasant |
| 1:41 | Scout Tower |
| 1:45 | Peasant |
| 2:01 | Peasant |
| 2:08 | Scout Tower |
| 2:10 | Arcane Tower |
| 2:11 | Scout Tower |
| 2:18 | Peasant |
| 2:37 | Arcane Tower |
| 2:38 | Scout Tower |
| 2:44 | Storm Bolt |
| 3:01 | Peasant |
| 3:01 | Peasant |
| 3:04 | Arcane Tower |
| 3:06 | Improved Lumber Harvesting |
| 3:30 | Town Hall |
| 3:33 | Scout Tower |
| 3:37 | Arcane Tower |
| 3:38 | Scout Tower |
| 3:50 | Arcane Tower |
| 3:55 | Scout Tower |
| 3:55 | Scout Tower |
| 3:58 | Peasant |
| 3:58 | Peasant |
| 4:16 | Guard Tower |
| 4:34 | Guard Tower |
| 5:08 | Keep |
| 5:18 | Scout Tower |
| 5:31 | Arcane Tower |
| 5:34 | Improved Masonry |
| 5:35 | Peasant |
| 5:36 | Peasant |
| 5:52 | Scout Tower |
| 5:57 | Peasant |
| 7:15 | Lumber Mill |
| 7:19 | Blacksmith |
| 7:29 | Castle |
| 7:43 | Bash |
| 8:06 | Altar of Kings |
| 8:09 | Farm |
| 8:10 | Farm |
| 8:10 | Farm |
| 8:11 | Farm |
| 8:12 | Farm |
| 8:13 | Farm |
| 8:14 | Farm |
| 8:14 | Farm |
| 8:20 | Advanced Lumber Harvesting |
| 8:52 | Scout Tower |
| 8:59 | Scout Tower |
| 9:15 | Arcane Tower |
| 9:23 | Workshop |
| 9:27 | Farm |
| 9:51 | Farm |
| 9:56 | Scout Tower |
| 9:57 | Scout Tower |
| 9:57 | Scout Tower |
| 9:58 | Scout Tower |
| 10:28 | Guard Tower |
| 10:29 | Black Gunpowder |
| 10:30 | Fragmentation Shards |
| 10:30 | Mortar Team |
| 10:50 | Workshop |
| 10:58 | Workshop |
| 11:20 | Guard Tower |
| 11:22 | Advanced Masonry |
| 11:26 | Peasant |
| 11:26 | Peasant |
| 11:26 | Peasant |
| 11:28 | Farm |
| 11:36 | Holy Light |
| 11:49 | Flare |
| 11:56 | Flak Cannons |
| 12:14 | Flying Machine Bombs |
| 12:25 | Farm |
| 12:25 | Farm |
| 12:28 | Mortar Team |
| 12:31 | Mortar Team |
| 12:34 | Refined Gunpowder |
| 12:36 | Peasant |
| 12:43 | Imbued Masonry |
| 12:55 | Mortar Team |
| 13:28 | Iron Plating |
| 15:13 | Mortar Team |
| 15:38 | Divine Shield |
| 16:19 | Storm Bolt |
| 16:21 | Storm Bolt |
| 16:32 | Flying Machine |
| 16:32 | Flying Machine |
| 16:32 | Flying Machine |
| 16:32 | Flying Machine |
| 16:32 | Flying Machine |
| 16:33 | Flying Machine |
| 16:33 | Flying Machine |
| 17:14 | Imbued Gunpowder |
| 17:14 | Steel Plating |
| 18:15 | Farm |
| 18:15 | Farm |
| 18:16 | Farm |
| 18:16 | Farm |
| 18:16 | Farm |
| 18:48 | Farm |
| 18:49 | Farm |
| 18:50 | Farm |
| 19:01 | Flying Machine |
| 19:01 | Flying Machine |
| 19:01 | Flying Machine |
| 19:02 | Flying Machine |
| 20:01 | Brilliance Aura |
| 20:18 | Flying Machine |
| 21:35 | Mortar Team |
| 24:14 | Holy Light |
| 24:14 | Divine Shield |
| 24:15 | Bash |
| 24:16 | Holy Light |
| 25:27 | Scout Tower |
| 25:27 | Scout Tower |
| 25:33 | Scout Tower |
| 25:34 | Scout Tower |
| 25:34 | Scout Tower |
| 25:35 | Scout Tower |
| 25:36 | Scout Tower |
| 25:36 | Scout Tower |
| 25:37 | Scout Tower |
| 25:38 | Scout Tower |
| 25:41 | Flying Machine |
| 25:41 | Flying Machine |
| 25:44 | Flying Machine |
| 26:11 | Guard Tower |
| 26:14 | Scout Tower |
| 26:14 | Scout Tower |
| 26:15 | Scout Tower |
| 26:16 | Scout Tower |
| 26:42 | Guard Tower |
| 26:48 | Guard Tower |
| 26:58 | Arcane Vault |
| 27:03 | Guard Tower |
| 30:42 | Mortar Team |
| 31:34 | Storm Bolt |
| 31:35 | Divine Shield |
| 31:36 | Storm Bolt |
| 31:38 | Divine Shield |
| 31:49 | Scout Tower |
| 31:50 | Scout Tower |
| 31:51 | Scout Tower |
| 31:51 | Scout Tower |
| 31:58 | Orb of Fire |
| 33:29 | Guard Tower |
| 34:30 | Orb of Fire |
| 35:49 | Scout Tower |
| 35:51 | Scout Tower |
| 36:38 | Blizzard |
| 36:42 | Arcane Tower |
| 40:04 | Holy Light |
| 40:05 | Holy Light |
| 40:24 | Flying Machine |
| 40:24 | Flying Machine |
| 40:26 | Flying Machine |
| 40:26 | Flying Machine |
| 40:53 | Mortar Team |
| 44:09 | Avatar |
| 46:50 | Avatar |
| 48:28 | Flying Machine |
| 48:29 | Flying Machine |
| 48:29 | Flying Machine |
| 48:29 | Flying Machine |
| 48:35 | Flying Machine |
| 48:35 | Flying Machine |
| 49:54 | Boots of Speed |
| 49:54 | Boots of Speed |
| 50:26 | Orb of Lightning |
| 50:34 | Staff of Sanctuary |
| 53:24 | Bash |
| 53:25 | Resurrection |
| 57:49 | Flying Machine |
| 57:49 | Flying Machine |
| 57:49 | Flying Machine |
| 57:49 | Flying Machine |
| 61:58 | Thunder Clap |
| 66:02 | Flying Machine |
| 66:02 | Flying Machine |
| 66:02 | Flying Machine |
| 66:12 | Flying Machine |
| 66:12 | Flying Machine |
| 66:13 | Flying Machine |
| 66:13 | Flying Machine |
| 66:13 | Flying Machine |
| 66:14 | Flying Machine |
| 71:23 | Thunder Clap |
| 71:36 | Devotion Aura |
| 74:37 | Mass Teleport |
| 75:44 | Flying Machine |
| 75:44 | Flying Machine |
| 75:44 | Flying Machine |
| 75:45 | Flying Machine |
| 86:01 | Thunder Clap |
| 92:09 | Devotion Aura |
| 94:28 | Thunder Clap |
| Right click | 5311 |
| Select group | 2174 |
| Select | 753 |
| Use ability | 420 |
| Misc. action | 256 |
| Build/train/purchase | 241 |
| Chat | 65 |
| Resource trade | 34 |
| Assign group | 32 |
| Minimap ping | 24 |
| Esc | 7 |
| Item give/drop | 4 |
| Remove unit | 1 |
Cabeelibob
(194)
(96:04) : 

| Healing Salve | 1 | 100 |
| Orb of Lightning | 2 | 750 |
| Lesser Clarity Potion | 6 | 420 |
| Potion of Mana | 4 | 800 |
| Tiny Great Hall | 4 | 2400 |
| Boots of Speed | 4 | 1000 |
| Staff of Teleportation | 2 | 300 |
| Periapt of Vitality | 1 | 325 |
| Circlet of Nobility | 1 | 175 |
| total: | 25 | 6270g |
| Peon | 27 | 2025 | / | 0 |
| Troll Witch Doctor | 6 | 870 | / | 150 |
| Kodo Beast | 1 | 255 | / | 60 |
| Shaman | 4 | 520 | / | 80 |
| total: | 38 | 3670g | / | 290w |
| Watch Tower | 47 | 5170 | / | 3760 |
| Altar of Storms | 1 | 180 | / | 50 |
| Orc Burrow | 4 | 640 | / | 160 |
| War Mill | 1 | 205 | / | 0 |
| Voodoo Lounge | 1 | 130 | / | 30 |
| Great Hall | 1 | 385 | / | 185 |
| Spirit Lodge | 1 | 150 | / | 150 |
| Beastiary | 1 | 145 | / | 140 |
| Stronghold | 1 | 315 | / | 190 |
| Fortress | 1 | 325 | / | 190 |
| total: | 57 | 7005g | / | 4475w |
| 0:04 | Altar of Storms |
| 0:08 | Orc Burrow |
| 0:13 | Orc Burrow |
| 0:15 | Peon |
| 0:27 | Peon |
| 0:41 | Peon |
| 1:01 | Peon |
| 1:04 | War Mill |
| 1:34 | Orc Burrow |
| 1:39 | Peon |
| 2:01 | Voodoo Lounge |
| 2:03 | Peon |
| 2:03 | Peon |
| 2:14 | Wind Walk |
| 2:19 | Peon |
| 2:51 | Peon |
| 2:53 | Spiked Barricades |
| 3:32 | Watch Tower |
| 3:36 | Watch Tower |
| 3:49 | Healing Salve |
| 4:03 | Peon |
| 4:03 | Peon |
| 4:03 | Peon |
| 5:25 | Watch Tower |
| 5:26 | Stronghold |
| 6:14 | Watch Tower |
| 6:21 | Watch Tower |
| 7:47 | Fortress |
| 7:50 | Spirit Lodge |
| 7:52 | Orc Burrow |
| 7:58 | Holy Light |
| 9:17 | Watch Tower |
| 9:17 | Watch Tower |
| 9:21 | Troll Witch Doctor |
| 9:23 | Witch Doctor Adept Training |
| 9:26 | Beastiary |
| 10:36 | Watch Tower |
| 11:34 | Witch Doctor Master Training |
| 11:35 | Troll Witch Doctor |
| 11:35 | Troll Witch Doctor |
| 11:35 | Troll Witch Doctor |
| 11:45 | Critical Strike |
| 12:18 | Orb of Lightning |
| 12:52 | Boots of Speed |
| 12:53 | Staff of Teleportation |
| 14:27 | Lesser Clarity Potion |
| 15:33 | Lesser Clarity Potion |
| 15:35 | Potion of Mana |
| 17:31 | Watch Tower |
| 17:32 | Watch Tower |
| 17:32 | Watch Tower |
| 17:34 | Watch Tower |
| 17:35 | Watch Tower |
| 17:35 | Watch Tower |
| 17:36 | Watch Tower |
| 17:37 | Watch Tower |
| 17:37 | Watch Tower |
| 17:41 | Lesser Clarity Potion |
| 18:56 | Wind Walk |
| 19:04 | War Drums Damage Increase |
| 19:14 | Reinforced Defenses |
| 19:27 | Lesser Clarity Potion |
| 19:31 | Potion of Mana |
| 21:54 | Watch Tower |
| 21:55 | Watch Tower |
| 21:56 | Watch Tower |
| 21:57 | Watch Tower |
| 22:51 | Watch Tower |
| 22:52 | Watch Tower |
| 23:11 | Critical Strike |
| 23:38 | Watch Tower |
| 23:39 | Watch Tower |
| 23:40 | Watch Tower |
| 23:40 | Watch Tower |
| 23:41 | Watch Tower |
| 25:01 | Bash |
| 25:45 | Great Hall |
| 27:03 | Bladestorm |
| 29:14 | Kodo Beast |
| 30:47 | Watch Tower |
| 30:47 | Watch Tower |
| 30:48 | Watch Tower |
| 30:51 | Potion of Mana |
| 31:08 | Wind Walk |
| 31:47 | Watch Tower |
| 31:49 | Watch Tower |
| 31:52 | Watch Tower |
| 31:54 | Watch Tower |
| 32:11 | Lesser Clarity Potion |
| 32:38 | Watch Tower |
| 32:38 | Watch Tower |
| 32:39 | Watch Tower |
| 35:00 | Watch Tower |
| 35:01 | Watch Tower |
| 35:02 | Watch Tower |
| 35:07 | Watch Tower |
| 35:10 | Watch Tower |
| 35:12 | Watch Tower |
| 35:22 | Watch Tower |
| 35:27 | Watch Tower |
| 35:27 | Watch Tower |
| 35:47 | Tiny Great Hall |
| 38:05 | Troll Witch Doctor |
| 38:05 | Troll Witch Doctor |
| 39:24 | Mirror Image |
| 39:39 | Shaman |
| 42:36 | Tiny Great Hall |
| 43:22 | Peon |
| 43:22 | Peon |
| 43:23 | Peon |
| 43:23 | Peon |
| 43:25 | Peon |
| 44:49 | Peon |
| 44:49 | Peon |
| 44:49 | Peon |
| 44:50 | Peon |
| 44:50 | Peon |
| 45:15 | Boots of Speed |
| 45:16 | Boots of Speed |
| 47:32 | Mirror Image |
| 49:28 | Shaman Adept Training |
| 49:29 | Shaman |
| 49:29 | Shaman |
| 49:29 | Shaman |
| 49:49 | Lesser Clarity Potion |
| 50:11 | Potion of Mana |
| 50:53 | Shaman Master Training |
| 55:11 | Mirror Image |
| 56:19 | Drunken Brawler |
| 56:21 | Boots of Speed |
| 56:22 | Periapt of Vitality |
| 56:23 | Circlet of Nobility |
| 57:46 | Tiny Great Hall |
| 60:50 | Breath of Fire |
| 62:19 | Peon |
| 62:19 | Peon |
| 62:19 | Peon |
| 62:19 | Peon |
| 62:19 | Peon |
| 65:05 | Staff of Teleportation |
| 72:29 | Orb of Lightning |
| 72:33 | Tiny Great Hall |
| 82:18 | Divine Shield |
| Right click | 3937 |
| Misc. action | 459 |
| Select | 405 |
| Select group | 376 |
| Build/train/purchase | 247 |
| Resource trade | 188 |
| Chat | 165 |
| Use ability | 47 |
| Item give/drop | 11 |
| Remove unit | 10 |
| Assign group | 9 |
| Minimap ping | 8 |
| Esc | 7 |
296 units @ 46k
/ 7.6k
226 buildings @ 36.4k
/ 19.8k



| Rod of Necromancy | 2 | 300 |
| Orb of Corruption | 3 | 1125 |
| Potion of Healing | 3 | 450 |
| Lesser Clarity Potion | 1 | 70 |
| Potion of Mana | 1 | 200 |
| Scroll of Healing | 2 | 500 |
| Scroll of Town Portal | 3 | 1050 |
| Boots of Speed | 1 | 250 |
| Potion of Lesser Invulnerability | 1 | 150 |
| Healing Salve | 2 | 200 |
| total: | 19 | 4295g |
| Acolyte | 16 | 1200 | / | 0 |
| Ghoul | 6 | 720 | / | 0 |
| Crypt Fiend | 12 | 2580 | / | 480 |
| Obsidian Statue | 6 | 1200 | / | 210 |
| Meat Wagon | 10 | 2300 | / | 500 |
| Necromancer | 25 | 3625 | / | 500 |
| Frost Wyrm | 13 | 5005 | / | 1560 |
| Abomination | 2 | 480 | / | 140 |
| Forest Troll Shadow Priest | 1 | 195 | / | 10 |
| Forest Troll Berserker | 1 | 245 | / | 30 |
| Mud Golem | 1 | 145 | / | 10 |
| Ogre Mauler | 1 | 300 | / | 0 |
| Grunt | 10 | 2000 | / | 0 |
| Peon | 5 | 375 | / | 0 |
| total: | 109 | 20370g | / | 3440w |
| Spirit Tower | 9 | 1305 | / | 360 |
| Graveyard | 1 | 215 | / | 0 |
| Crypt | 3 | 600 | / | 150 |
| Altar of Darkness | 1 | 180 | / | 50 |
| Ziggurat | 21 | 3150 | / | 1050 |
| Tomb of Relics | 1 | 130 | / | 30 |
| Slaughterhouse | 1 | 140 | / | 135 |
| Temple of the Damned | 2 | 310 | / | 280 |
| Sacrificial Pit | 1 | 75 | / | 150 |
| Boneyard | 4 | 700 | / | 800 |
| Halls of the Dead | 1 | 320 | / | 210 |
| Black Citadel | 1 | 325 | / | 230 |
| Watch Tower | 13 | 1430 | / | 1040 |
| Great Hall | 12 | 4620 | / | 2220 |
| total: | 60 | 11550g | / | 5905w |
| 0:09 | Acolyte |
| 0:09 | Acolyte |
| 0:09 | Acolyte |
| 0:27 | Graveyard |
| 0:30 | Crypt |
| 0:32 | Crypt |
| 0:40 | Altar of Darkness |
| 0:53 | Ziggurat |
| 1:11 | Tomb of Relics |
| 1:33 | Ghoul |
| 1:49 | Crypt Fiend |
| 1:54 | Ziggurat |
| 2:09 | Crypt |
| 2:29 | Crypt Fiend |
| 2:45 | Death Coil |
| 2:51 | Rod of Necromancy |
| 2:58 | Crypt Fiend |
| 3:31 | Crypt Fiend |
| 3:35 | Ziggurat |
| 3:59 | Unholy Aura |
| 4:05 | Halls of the Dead |
| 4:08 | Ghoul |
| 4:20 | Ghoul |
| 4:53 | Crypt Fiend |
| 4:55 | Crypt Fiend |
| 5:27 | Rod of Necromancy |
| 5:34 | Crypt Fiend |
| 5:46 | Ziggurat |
| 6:39 | Death Coil |
| 6:42 | Web |
| 6:43 | Black Citadel |
| 7:15 | Crypt Fiend |
| 7:48 | Slaughterhouse |
| 7:51 | Temple of the Damned |
| 7:54 | Ziggurat |
| 7:55 | Ziggurat |
| 7:56 | Ziggurat |
| 8:11 | Spirit Tower |
| 9:23 | Skeletal Mastery |
| 9:26 | Obsidian Statue |
| 10:08 | Frost Nova |
| 10:10 | Spirit Tower |
| 10:12 | Necromancer Adept Training |
| 10:13 | Obsidian Statue |
| 10:16 | Exhume Corpses |
| 11:22 | Meat Wagon |
| 11:22 | Meat Wagon |
| 11:23 | Necromancer |
| 11:23 | Necromancer |
| 11:46 | Necromancer |
| 12:35 | Necromancer |
| 12:35 | Necromancer |
| 12:38 | Unholy Strength |
| 12:41 | Meat Wagon |
| 13:20 | Unholy Aura |
| 14:05 | Necromancer Master Training |
| 14:06 | Unholy Armor |
| 14:06 | Improved Unholy Strength |
| 16:18 | Necromancer |
| 16:18 | Necromancer |
| 16:18 | Necromancer |
| 16:18 | Necromancer |
| 16:19 | Necromancer |
| 16:21 | Obsidian Statue |
| 16:22 | Meat Wagon |
| 16:22 | Meat Wagon |
| 16:22 | Meat Wagon |
| 16:22 | Meat Wagon |
| 17:32 | Temple of the Damned |
| 17:33 | Boneyard |
| 17:43 | Boneyard |
| 18:14 | Improved Unholy Armor |
| 18:15 | Advanced Unholy Strength |
| 18:19 | Spirit Tower |
| 18:27 | Necromancer |
| 19:09 | Orb of Corruption |
| 19:10 | Scroll of Healing |
| 19:39 | Ghoul Frenzy |
| 19:49 | Freezing Breath |
| 19:51 | Advanced Unholy Armor |
| 21:32 | Frost Armor |
| 22:39 | Necromancer |
| 22:39 | Necromancer |
| 22:39 | Necromancer |
| 22:39 | Necromancer |
| 22:39 | Necromancer |
| 22:39 | Necromancer |
| 22:40 | Necromancer |
| 22:41 | Obsidian Statue |
| 22:42 | Obsidian Statue |
| 22:42 | Meat Wagon |
| 22:43 | Meat Wagon |
| 22:43 | Meat Wagon |
| 22:44 | Necromancer |
| 22:44 | Necromancer |
| 22:44 | Necromancer |
| 22:45 | Necromancer |
| 22:45 | Necromancer |
| 22:45 | Necromancer |
| 22:45 | Necromancer |
| 24:06 | Forest Troll Shadow Priest |
| 24:06 | Forest Troll Berserker |
| 24:06 | Mud Golem |
| 24:06 | Ogre Mauler |
| 24:34 | Frost Nova |
| 25:24 | Crypt Fiend |
| 25:59 | Crypt Fiend |
| 26:36 | Crypt Fiend |
| 27:30 | Orb of Corruption |
| 28:56 | Frost Armor |
| 29:08 | Crypt Fiend |
| 29:45 | Death Coil |
| 31:44 | Ziggurat |
| 32:00 | Ziggurat |
| 32:10 | Ziggurat |
| 32:21 | Ziggurat |
| 32:25 | Ziggurat |
| 32:37 | Spirit Tower |
| 33:09 | Spirit Tower |
| 33:24 | Spirit Tower |
| 33:29 | Frost Wyrm |
| 33:53 | Acolyte |
| 33:54 | Acolyte |
| 33:54 | Acolyte |
| 33:54 | Acolyte |
| 33:54 | Acolyte |
| 34:15 | Frost Wyrm |
| 35:37 | Creature Attack |
| 35:37 | Creature Carapace |
| 36:29 | Frost Nova |
| 36:50 | Frost Wyrm |
| 37:32 | Improved Creature Attack |
| 37:39 | Improved Creature Carapace |
| 38:41 | Scroll of Town Portal |
| 39:24 | Ziggurat |
| 39:26 | Ziggurat |
| 39:28 | Ziggurat |
| 39:31 | Ziggurat |
| 39:37 | Ziggurat |
| 39:44 | Advanced Creature Attack |
| 40:26 | Spirit Tower |
| 40:28 | Spirit Tower |
| 40:48 | Advanced Creature Carapace |
| 41:10 | Boots of Speed |
| 41:41 | Acolyte |
| 42:23 | Frost Wyrm |
| 42:26 | Sacrificial Pit |
| 42:35 | Acolyte |
| 42:35 | Acolyte |
| 43:11 | Acolyte |
| 43:21 | Boneyard |
| 43:22 | Boneyard |
| 44:54 | Frost Wyrm |
| 46:30 | Potion of Healing |
| 46:32 | Scroll of Town Portal |
| 46:51 | Healing Salve |
| 47:40 | Animate Dead |
| 47:44 | Unholy Aura |
| 48:34 | Potion of Lesser Invulnerability |
| 49:14 | Watch Tower |
| 49:15 | Watch Tower |
| 49:16 | Watch Tower |
| 49:16 | Watch Tower |
| 49:17 | Watch Tower |
| 49:17 | Watch Tower |
| 49:18 | Watch Tower |
| 49:18 | Watch Tower |
| 49:19 | Watch Tower |
| 49:19 | Watch Tower |
| 49:19 | Watch Tower |
| 49:21 | Watch Tower |
| 49:21 | Watch Tower |
| 49:27 | Healing Salve |
| 50:32 | Scroll of Healing |
| 52:52 | Death and Decay |
| 53:01 | Frost Wyrm |
| 53:10 | Scroll of Town Portal |
| 53:13 | Potion of Healing |
| 53:26 | Great Hall |
| 53:50 | Frost Wyrm |
| 55:09 | Frost Wyrm |
| 55:41 | Frost Armor |
| 55:55 | Impale |
| 55:58 | Orb of Corruption |
| 56:40 | Lesser Clarity Potion |
| 56:41 | Potion of Mana |
| 56:45 | Potion of Healing |
| 62:18 | Frost Wyrm |
| 62:24 | Abomination |
| 62:24 | Abomination |
| 62:25 | Disease Cloud |
| 62:48 | Grunt |
| 62:50 | Grunt |
| 63:12 | Ghoul |
| 63:16 | Ghoul |
| 63:35 | Ghoul |
| 63:37 | Frost Wyrm |
| 63:45 | Grunt |
| 64:02 | Obsidian Statue |
| 66:05 | Acolyte |
| 66:46 | Ziggurat |
| 66:51 | Ziggurat |
| 66:52 | Ziggurat |
| 66:53 | Ziggurat |
| 67:57 | Spiked Carapace |
| 68:36 | Death Pact |
| 69:03 | Frost Wyrm |
| 69:11 | Grunt |
| 69:11 | Grunt |
| 69:11 | Grunt |
| 69:11 | Grunt |
| 69:12 | Grunt |
| 69:12 | Grunt |
| 69:12 | Grunt |
| 69:17 | Peon |
| 69:17 | Peon |
| 69:17 | Peon |
| 69:17 | Peon |
| 69:17 | Peon |
| 69:22 | Spirit Tower |
| 69:38 | Acolyte |
| 69:38 | Acolyte |
| 69:38 | Acolyte |
| 69:51 | Frost Wyrm |
| 71:27 | Frost Wyrm |
| 74:16 | Impale |
| 76:31 | Death and Decay |
| 76:58 | Great Hall |
| 77:02 | Great Hall |
| 77:45 | Great Hall |
| 85:16 | Great Hall |
| 85:22 | Great Hall |
| 85:34 | Great Hall |
| 85:40 | Great Hall |
| 86:04 | Great Hall |
| 86:13 | Great Hall |
| 86:41 | Great Hall |
| 87:43 | Great Hall |
| Right click | 3366 |
| Select | 1193 |
| Select group | 777 |
| Misc. action | 618 |
| Chat | 559 |
| Build/train/purchase | 267 |
| Use ability | 185 |
| Assign group | 48 |
| Minimap ping | 35 |
| Resource trade | 29 |
| Item give/drop | 15 |
| Remove unit | 9 |
| Esc | 9 |


| Healing Salve | 2 | 200 |
| Lesser Clarity Potion | 2 | 140 |
| Potion of Healing | 5 | 750 |
| Potion of Mana | 1 | 200 |
| Scroll of Speed | 1 | 50 |
| total: | 11 | 1340g |
| Peon | 16 | 1200 | / | 0 |
| Troll Headhunter | 2 | 280 | / | 40 |
| Demolisher | 28 | 6160 | / | 1400 |
| Troll Witch Doctor | 12 | 1740 | / | 300 |
| total: | 58 | 9380g | / | 1740w |
| Watch Tower | 69 | 7590 | / | 5520 |
| Altar of Storms | 1 | 180 | / | 50 |
| Orc Burrow | 14 | 2240 | / | 560 |
| War Mill | 3 | 615 | / | 0 |
| Barracks | 2 | 360 | / | 100 |
| Voodoo Lounge | 4 | 520 | / | 120 |
| Great Hall | 6 | 2310 | / | 1110 |
| Beastiary | 2 | 290 | / | 280 |
| Spirit Lodge | 1 | 150 | / | 150 |
| Stronghold | 2 | 630 | / | 380 |
| Fortress | 2 | 650 | / | 380 |
| total: | 102 | 14255g | / | 7890w |
| 0:02 | Peon |
| 0:02 | Peon |
| 0:02 | Peon |
| 0:47 | Altar of Storms |
| 0:51 | Orc Burrow |
| 0:56 | Peon |
| 0:56 | Peon |
| 1:17 | War Mill |
| 1:27 | Barracks |
| 1:29 | Peon |
| 1:30 | Peon |
| 1:45 | Peon |
| 1:50 | Voodoo Lounge |
| 2:01 | Orc Burrow |
| 2:09 | Barracks |
| 2:24 | Peon |
| 2:35 | Orc Burrow |
| 2:46 | Troll Headhunter |
| 2:50 | Shockwave |
| 2:54 | Healing Salve |
| 3:05 | Lesser Clarity Potion |
| 3:06 | Healing Salve |
| 3:10 | Lesser Clarity Potion |
| 3:45 | Stronghold |
| 4:22 | Great Hall |
| 4:52 | Great Hall |
| 4:56 | Endurance Aura |
| 5:02 | Watch Tower |
| 5:02 | Watch Tower |
| 5:04 | Watch Tower |
| 5:05 | Watch Tower |
| 5:06 | Watch Tower |
| 5:08 | Watch Tower |
| 5:53 | Watch Tower |
| 5:54 | Watch Tower |
| 5:55 | Watch Tower |
| 5:56 | Watch Tower |
| 5:57 | Watch Tower |
| 5:58 | Watch Tower |
| 6:07 | Troll Headhunter |
| 6:36 | Peon |
| 6:36 | Peon |
| 6:36 | Peon |
| 7:19 | Demolisher |
| 7:46 | Peon |
| 7:46 | Peon |
| 7:46 | Peon |
| 7:46 | Peon |
| 7:49 | Reinforced Defenses |
| 7:56 | Beastiary |
| 7:58 | Beastiary |
| 8:02 | Spirit Lodge |
| 8:06 | Demolisher |
| 8:16 | Steel Ranged Weapons |
| 8:22 | Watch Tower |
| 8:23 | Watch Tower |
| 8:24 | Watch Tower |
| 8:25 | Watch Tower |
| 8:26 | Watch Tower |
| 8:27 | Watch Tower |
| 8:32 | Watch Tower |
| 8:33 | Watch Tower |
| 8:59 | Demolisher |
| 9:09 | Voodoo Lounge |
| 9:11 | Watch Tower |
| 9:12 | Watch Tower |
| 9:13 | Watch Tower |
| 9:15 | Watch Tower |
| 9:16 | Watch Tower |
| 9:17 | Watch Tower |
| 9:17 | Watch Tower |
| 9:27 | Potion of Healing |
| 9:32 | Potion of Healing |
| 9:49 | War Mill |
| 9:51 | Orc Burrow |
| 9:51 | Orc Burrow |
| 9:52 | Orc Burrow |
| 9:52 | Orc Burrow |
| 9:52 | Orc Burrow |
| 9:55 | Spiked Barricades |
| 10:02 | Hex |
| 10:18 | Thorium Ranged Weapons |
| 11:07 | Demolisher |
| 11:33 | Improved Spiked Barricades |
| 11:41 | Voodoo Lounge |
| 11:44 | Watch Tower |
| 11:44 | Watch Tower |
| 11:45 | Watch Tower |
| 11:45 | Watch Tower |
| 11:45 | Watch Tower |
| 11:51 | Demolisher |
| 11:55 | Steel Armor |
| 12:10 | Demolisher |
| 12:12 | Demolisher |
| 12:28 | Witch Doctor Adept Training |
| 12:28 | Troll Witch Doctor |
| 12:59 | Fortress |
| 13:09 | Demolisher |
| 15:06 | Demolisher |
| 15:07 | Troll Witch Doctor |
| 15:09 | Thorium Armor |
| 15:29 | Demolisher |
| 15:29 | Demolisher |
| 15:30 | Demolisher |
| 15:48 | Healing Wave |
| 15:51 | Demolisher |
| 15:52 | Demolisher |
| 16:08 | Demolisher |
| 16:47 | Demolisher |
| 17:02 | Shockwave |
| 17:25 | Demolisher |
| 17:26 | Burning Oil |
| 17:27 | Troll Witch Doctor |
| 18:10 | Demolisher |
| 18:34 | Demolisher |
| 19:07 | Witch Doctor Master Training |
| 19:08 | Demolisher |
| 19:35 | Demolisher |
| 20:11 | Troll Witch Doctor |
| 20:11 | Troll Witch Doctor |
| 20:21 | Arcanite Ranged Weapons |
| 22:43 | Healing Wave |
| 24:28 | Great Hall |
| 24:30 | Orc Burrow |
| 24:30 | Orc Burrow |
| 24:35 | Watch Tower |
| 24:36 | Watch Tower |
| 24:36 | Watch Tower |
| 24:37 | Watch Tower |
| 24:37 | Watch Tower |
| 24:38 | Watch Tower |
| 24:38 | Watch Tower |
| 24:38 | Watch Tower |
| 24:39 | Watch Tower |
| 24:40 | Watch Tower |
| 24:41 | Watch Tower |
| 25:56 | Stronghold |
| 25:59 | Watch Tower |
| 26:00 | Watch Tower |
| 26:01 | Watch Tower |
| 26:02 | Watch Tower |
| 27:39 | Troll Witch Doctor |
| 27:39 | Shaman Adept Training |
| 27:42 | Troll Witch Doctor |
| 28:33 | Endurance Aura |
| 29:00 | Fortress |
| 29:00 | Demolisher |
| 29:07 | Orc Burrow |
| 29:07 | Orc Burrow |
| 29:07 | Orc Burrow |
| 29:07 | Orc Burrow |
| 29:09 | Potion of Healing |
| 29:09 | Potion of Healing |
| 29:10 | Potion of Healing |
| 29:10 | Potion of Mana |
| 29:10 | Scroll of Speed |
| 29:23 | Troll Witch Doctor |
| 30:04 | Demolisher |
| 30:33 | Demolisher |
| 31:44 | Demolisher |
| 32:21 | Great Hall |
| 32:26 | Watch Tower |
| 32:27 | Watch Tower |
| 32:27 | Watch Tower |
| 32:27 | Watch Tower |
| 32:28 | Watch Tower |
| 32:28 | Watch Tower |
| 32:29 | Watch Tower |
| 32:29 | Watch Tower |
| 32:30 | Watch Tower |
| 32:30 | Watch Tower |
| 32:31 | Watch Tower |
| 32:34 | Voodoo Lounge |
| 32:42 | Troll Witch Doctor |
| 33:10 | Troll Witch Doctor |
| 33:10 | Troll Witch Doctor |
| 33:48 | Troll Witch Doctor |
| 33:54 | War Mill |
| 35:48 | Great Hall |
| 39:22 | Shockwave |
| 39:26 | Demolisher |
| 41:39 | Great Hall |
| 42:13 | Demolisher |
| 42:46 | Watch Tower |
| 42:46 | Watch Tower |
| 42:47 | Watch Tower |
| 42:47 | Watch Tower |
| 42:48 | Watch Tower |
| 42:49 | Watch Tower |
| 42:49 | Watch Tower |
| 42:50 | Watch Tower |
| 42:51 | Watch Tower |
| 42:52 | Watch Tower |
| 42:52 | Watch Tower |
| 43:30 | Demolisher |
| Right click | 1632 |
| Select group | 1273 |
| Select | 548 |
| Misc. action | 230 |
| Build/train/purchase | 133 |
| Use ability | 75 |
| Assign group | 56 |
| Minimap ping | 25 |
| Chat | 24 |
| Item give/drop | 3 |
| Remove unit | 1 |
| Esc | 1 |
ЗараЗа
(83:56) : 

| Healing Salve | 5 | 500 |
| Lesser Clarity Potion | 17 | 1190 |
| Orb of Lightning | 1 | 375 |
| Potion of Healing | 1 | 150 |
| Scroll of Town Portal | 1 | 350 |
| Boots of Speed | 1 | 250 |
| Staff of Teleportation | 1 | 150 |
| Rod of Necromancy | 2 | 300 |
| Orb of Corruption | 1 | 375 |
| Ritual Dagger | 1 | 125 |
| total: | 31 | 3765g |
| Peon | 67 | 5025 | / | 0 |
| Demolisher | 11 | 2420 | / | 550 |
| Tauren | 10 | 2800 | / | 800 |
| Troll Batrider | 6 | 960 | / | 240 |
| Kodo Beast | 1 | 255 | / | 60 |
| Shaman | 15 | 1950 | / | 300 |
| Troll Witch Doctor | 18 | 2610 | / | 450 |
| Forest Troll Shadow Priest | 1 | 195 | / | 10 |
| total: | 129 | 16215g | / | 2410w |
| Watch Tower | 37 | 4070 | / | 2960 |
| Altar of Storms | 1 | 180 | / | 50 |
| Orc Burrow | 7 | 1120 | / | 280 |
| Voodoo Lounge | 1 | 130 | / | 30 |
| Great Hall | 10 | 3850 | / | 1850 |
| Barracks | 2 | 360 | / | 100 |
| War Mill | 1 | 205 | / | 0 |
| Tauren Totem | 2 | 270 | / | 310 |
| Beastiary | 2 | 290 | / | 280 |
| Spirit Lodge | 1 | 150 | / | 150 |
| Stronghold | 2 | 630 | / | 380 |
| Fortress | 2 | 650 | / | 380 |
| total: | 64 | 10625g | / | 6010w |
| 0:04 | Peon |
| 0:04 | Peon |
| 0:17 | Altar of Storms |
| 0:22 | Orc Burrow |
| 0:27 | Peon |
| 0:48 | Peon |
| 1:01 | Peon |
| 1:04 | Peon |
| 1:16 | Voodoo Lounge |
| 1:26 | Peon |
| 1:26 | Peon |
| 1:45 | Peon |
| 2:18 | Peon |
| 2:18 | Peon |
| 2:23 | Healing Salve |
| 2:24 | Lesser Clarity Potion |
| 2:24 | Lesser Clarity Potion |
| 2:24 | Lesser Clarity Potion |
| 2:25 | Healing Salve |
| 2:25 | Healing Salve |
| 2:39 | Orc Burrow |
| 2:48 | Wind Walk |
| 3:55 | Boots of Speed |
| 3:55 | Staff of Teleportation |
| 4:05 | Rod of Necromancy |
| 4:05 | Rod of Necromancy |
| 5:38 | Great Hall |
| 5:41 | Great Hall |
| 7:25 | Lesser Clarity Potion |
| 7:25 | Lesser Clarity Potion |
| 8:38 | Peon |
| 8:38 | Peon |
| 8:38 | Peon |
| 8:38 | Peon |
| 10:32 | Orb of Corruption |
| 10:35 | Ritual Dagger |
| 13:00 | Great Hall |
| 15:09 | Great Hall |
| 15:13 | Stronghold |
| 15:17 | Barracks |
| 15:24 | War Mill |
| 15:41 | Peon |
| 15:42 | Peon |
| 15:42 | Peon |
| 15:42 | Peon |
| 16:31 | Barracks |
| 16:36 | Peon |
| 16:37 | Peon |
| 16:37 | Peon |
| 16:37 | Peon |
| 16:37 | Peon |
| 16:37 | Peon |
| 17:38 | Lesser Clarity Potion |
| 17:38 | Lesser Clarity Potion |
| 17:40 | Healing Salve |
| 17:54 | Critical Strike |
| 18:28 | Peon |
| 18:29 | Peon |
| 18:29 | Peon |
| 18:29 | Peon |
| 18:29 | Peon |
| 18:29 | Peon |
| 18:37 | Peon |
| 18:38 | Peon |
| 18:38 | Peon |
| 18:38 | Peon |
| 18:43 | Fortress |
| 18:48 | Steel Armor |
| 19:14 | Demolisher |
| 19:26 | Tauren Totem |
| 19:36 | Reinforced Defenses |
| 19:46 | Watch Tower |
| 19:47 | Watch Tower |
| 19:48 | Watch Tower |
| 19:50 | Watch Tower |
| 20:39 | Peon |
| 20:39 | Peon |
| 20:39 | Peon |
| 20:40 | Peon |
| 20:40 | Peon |
| 20:50 | Tauren Totem |
| 20:58 | Demolisher |
| 20:58 | Demolisher |
| 21:29 | Orb of Lightning |
| 21:52 | Demolisher |
| 22:44 | Orc Burrow |
| 22:48 | Orc Burrow |
| 22:48 | Orc Burrow |
| 22:49 | Orc Burrow |
| 22:50 | Orc Burrow |
| 24:08 | Wind Walk |
| 24:08 | Wind Walk |
| 24:34 | Tauren |
| 24:34 | Pulverize |
| 24:39 | Beastiary |
| 24:50 | Watch Tower |
| 24:51 | Watch Tower |
| 25:28 | Tauren |
| 25:31 | Berserker Upgrade |
| 25:48 | Troll Batrider |
| 25:48 | Troll Batrider |
| 25:49 | Troll Batrider |
| 25:49 | Troll Batrider |
| 25:49 | Troll Batrider |
| 25:49 | Troll Batrider |
| 25:55 | Beastiary |
| 26:14 | Tauren |
| 26:39 | Peon |
| 26:40 | Peon |
| 26:40 | Peon |
| 26:40 | Peon |
| 26:40 | Peon |
| 26:45 | Watch Tower |
| 26:46 | Watch Tower |
| 26:47 | Watch Tower |
| 26:48 | Watch Tower |
| 26:49 | Watch Tower |
| 26:50 | Watch Tower |
| 26:51 | Watch Tower |
| 26:52 | Watch Tower |
| 27:16 | Lesser Clarity Potion |
| 27:16 | Lesser Clarity Potion |
| 27:30 | Watch Tower |
| 27:31 | Watch Tower |
| 29:42 | Great Hall |
| 29:46 | Watch Tower |
| 29:46 | Watch Tower |
| 29:47 | Watch Tower |
| 29:48 | Watch Tower |
| 29:48 | Watch Tower |
| 30:52 | Great Hall |
| 31:58 | Watch Tower |
| 31:59 | Watch Tower |
| 32:00 | Watch Tower |
| 32:01 | Watch Tower |
| 32:02 | Watch Tower |
| 32:03 | Watch Tower |
| 32:05 | Watch Tower |
| 32:07 | Peon |
| 32:07 | Peon |
| 32:07 | Peon |
| 32:07 | Peon |
| 32:07 | Peon |
| 32:08 | Peon |
| 32:08 | Peon |
| 32:08 | Peon |
| 32:27 | Lesser Clarity Potion |
| 32:27 | Lesser Clarity Potion |
| 34:44 | Tauren |
| 34:44 | Tauren |
| 35:30 | Kodo Beast |
| 35:31 | War Drums Damage Increase |
| 35:52 | Great Hall |
| 36:02 | Lesser Clarity Potion |
| 36:02 | Lesser Clarity Potion |
| 36:08 | Potion of Healing |
| 37:57 | Great Hall |
| 38:20 | Peon |
| 38:21 | Peon |
| 38:21 | Peon |
| 38:21 | Peon |
| 38:21 | Peon |
| 39:26 | Tauren |
| 40:36 | Watch Tower |
| 40:38 | Watch Tower |
| 40:39 | Watch Tower |
| 40:40 | Watch Tower |
| 40:40 | Watch Tower |
| 40:41 | Watch Tower |
| 40:42 | Watch Tower |
| 40:43 | Watch Tower |
| 40:44 | Watch Tower |
| 40:48 | Peon |
| 40:49 | Peon |
| 40:49 | Peon |
| 42:35 | Great Hall |
| 42:55 | Tauren |
| 44:43 | Scroll of Town Portal |
| 46:55 | Tauren |
| 48:20 | Peon |
| 48:20 | Peon |
| 48:25 | Tauren |
| 48:25 | Tauren |
| 48:30 | Demolisher |
| 48:33 | Thorium Armor |
| 48:34 | Arcanite Armor |
| 48:38 | Lesser Clarity Potion |
| 48:38 | Lesser Clarity Potion |
| 48:46 | Healing Salve |
| 49:14 | Demolisher |
| 49:19 | Demolisher |
| 49:58 | Forest Troll Shadow Priest |
| 52:52 | Hex |
| 53:37 | Critical Strike |
| 54:08 | Demolisher |
| 54:08 | Demolisher |
| 54:08 | Demolisher |
| 54:20 | Shaman |
| 54:28 | Shaman Adept Training |
| 54:28 | Shaman |
| 54:28 | Troll Witch Doctor |
| 55:02 | Shaman |
| 55:07 | Spirit Lodge |
| 55:53 | Demolisher |
| 55:56 | Shaman Master Training |
| 56:05 | Shaman |
| 56:05 | Troll Witch Doctor |
| 56:50 | Shaman |
| 57:17 | Shaman |
| 57:17 | Troll Witch Doctor |
| 58:19 | Great Hall |
| 58:25 | Shaman |
| 58:25 | Troll Witch Doctor |
| 58:47 | Shaman |
| 58:48 | Troll Witch Doctor |
| 59:14 | Shaman |
| 59:15 | Troll Witch Doctor |
| 60:02 | Troll Witch Doctor |
| 60:52 | Troll Witch Doctor |
| 61:43 | Troll Witch Doctor |
| 61:44 | Troll Witch Doctor |
| 61:44 | Shaman |
| 62:31 | Troll Witch Doctor |
| 63:12 | Shaman |
| 63:12 | Troll Witch Doctor |
| 69:04 | Troll Witch Doctor |
| 69:04 | Troll Witch Doctor |
| 70:03 | Shaman |
| 70:06 | Troll Witch Doctor |
| 71:16 | Hex |
| 72:35 | Lesser Clarity Potion |
| 72:36 | Lesser Clarity Potion |
| 72:58 | Shaman |
| 72:59 | Troll Witch Doctor |
| 73:03 | Shaman |
| 73:04 | Troll Witch Doctor |
| 74:27 | Shaman |
| 74:28 | Troll Witch Doctor |
| 82:20 | Peon |
| 82:20 | Peon |
| 82:21 | Peon |
| 82:21 | Peon |
| Right click | 3370 |
| Select | 692 |
| Build/train/purchase | 318 |
| Resource trade | 298 |
| Use ability | 216 |
| Select group | 145 |
| Misc. action | 66 |
| Assign group | 46 |
| Chat | 41 |
| Minimap ping | 33 |
| Item give/drop | 10 |
| Remove unit | 3 |
| Esc | 1 |
⇛